 Dungeon Crawl Stone Soup version 0.29.1-15-g9cfb28693d (webtiles) character file.

Game seed: 6468323626287813539

2920 gugbubby the Grappler (level 9, -5/85 HPs)
             Began as a Troll Berserker on Apr 10, 2023.
             Was a Priest of Trog.
             Slain by Maggie
             ... wielding a +0 morningstar of pain
              (9 damage)
             ... on level 7 of the Dungeon.
             The game lasted 00:21:02 (5722 turns).

gugbubby the Grappler (Troll Berserker)             Turns: 5722, Time: 00:21:05

Health: -5/85      AC:  6    Str: 29    XL:     9   Next: 50%
Magic:  8/8        EV: 15    Int:  5    God:    Trog [***...]
Gold:   400        SH:  5    Dex:  9    Spells: 8/8 levels left

rFire   . . .      SeeInvis .   w - +2 dagger (venom)
rCold   . . .      Faith    .   (no shield)
rNeg    . . .      Spirit   .   p - +2 robe {Will+}
rPois   +          Reflect  +   (helmet restricted)
rElec   .          Harm     .   (no cloak)
rCorr   .          Rampage  .   (gloves unavailable)
Will    +++..                   (boots unavailable)
Stlth   ++........              s - amulet of reflection
HPRegen 2.04/turn               c - +4 ring of evasion
MPRegen 0.11/turn               d - ring of poison resistance

@: strong-willed, on berserk cooldown, mesmerised, regenerating, slowed, very
slow
A: large, unfitting armour, claws 3, regeneration 1, shaggy fur 1, tough skin 1
a: Renounce Religion, Berserk, Trog's Hand


You were on level 7 of the Dungeon.
You worshipped Trog.
Trog was most pleased with you.
You visited 1 branch of the dungeon, and saw 7 of its levels.

You collected 400 gold pieces.

Inventory:

Hand Weapons
 w - a +2 dagger of venom (weapon)
 B - a +3 hand axe
Armour
 a - a +0 animal skin
 p - a +2 robe of willpower (worn)
 A - a +1 pair of gloves
Jewellery
 c - a +4 ring of evasion (left claw)
 d - a ring of poison resistance (right claw)
 r - a ring of flight
 s - an amulet of reflection (around neck)
Wands
 i - a wand of acid (11)
 o - a wand of digging (6)
 y - a wand of charming (8)
 D - a wand of flame (21)
 G - a wand of roots (9)
Scrolls
 b - 3 scrolls of identify {unknown}
 e - a scroll of blinking {unknown}
 f - a scroll of magic mapping {unknown}
 j - 3 scrolls of immolation {unknown}
 q - a scroll of noise {unknown}
 u - 3 scrolls of teleportation {unknown}
 C - a scroll of vulnerability {unknown}
 E - a scroll of fear {unknown}
 F - a scroll of amnesia {unknown}
Potions
 g - 2 potions of resistance {unknown}
 h - 2 potions of lignification {unknown}
 k - a potion of invisibility {unknown}
 l - a potion of cancellation {unknown}
 m - a potion of mutation {unknown}
 n - 2 potions of ambrosia {unknown}
 t - a potion of might {unknown}
 v - 3 potions of curing {unknown}
 x - a potion of flight {unknown}
 z - 3 potions of degeneration {unknown}


   Skills:
 + Level 4.4 Fighting
 + Level 2.1 Short Blades
 + Level 7.0 Dodging
 + Level 2.0 Stealth
 + Level 0.1 Shields
 + Level 9.0 Unarmed Combat


You had 8 spell levels left.
You didn't know any spells.
Your spell library contained the following spells:

 Spells                   Type           Power      Damage    Failure   Level
 Foxfire                  Conj/Fire      0%         2x1d4     47%         1
 Blink                    Tloc           0%         N/A       63%         2
 Conjure Flame            Conj/Fire      0%         6-21      85%         3
 Inner Flame              Hex/Fire       0%         N/A       85%         3
 Lesser Beckoning         Tloc           0%         N/A       85%         3
 Flame Wave               Conj/Fire      0%         2d4       99%         4
 Manifold Assault         Tloc           0%         N/A       100%        5


Dungeon Overview and Level Annotations

Branches:
Dungeon (7/15)
 Temple: D:4-7

Altars:
Elyvilon
Kikubaaqudgha
Qazlal
Trog
Wu Jian
Yredelemnul
Zin

Annotations:
D:7 Maggie, Prince Ribbit


Innate Abilities, Weirdness & Mutations

You are too large for most types of armour.
You have claws for hands.
Your natural rate of healing is unusually fast.
You are covered in fur. (AC +1)
You have tough skin. (AC +1)


Message History

You completely miss Maggie.
Maggie is lightly wounded.
Prince Ribbit hits you. Maggie barely misses you.
Unknown command.
You hit Maggie but do no damage.
Maggie looks even sicker.
Maggie is lightly wounded.
Maggie seems less brilliant.
Prince Ribbit barely misses you.
Maggie says, "Leave now, and tell all of Margery's mercy!"
Maggie hits you with a +0 morningstar of pain.
You block Prince Ribbit's attack.
Unknown command.
You're still recovering from your berserk rage.
Unknown command.
You barely miss Maggie.
Maggie is lightly wounded.
Prince Ribbit hits you!
* * * LOW HITPOINT WARNING * * *
You block Maggie's attack.
Prince Ribbit blinks!
Maggie points at you and mumbles some strange words.
The bolt of fire hits you!
* * * LOW HITPOINT WARNING * * *
You hit Maggie but do no damage.
Maggie looks as sick as possible!
Maggie is moderately wounded.
Maggie closely misses you.
Prince Ribbit blinks!
Unknown command.
You closely miss Maggie.
Maggie is moderately wounded.
You block Maggie's attack.
Prince Ribbit catches a mosquito with his tongue.
Prince Ribbit blinks!
Unknown command.
There are no items here.
Your skin crawls.
You feel strong-willed.
Maggie hits you with a +0 morningstar of pain.
* * * LOW HITPOINT WARNING * * *
You writhe in agony.
* * * LOW HITPOINT WARNING * * *
Maggie hits you with a +0 morningstar of pain!
You die...

.....?. .......
##....> .......
....§..## .#
....F...# ###.#
.......@###......
#.@†.#......
##.#.#...#
###.....##
###..#.....
###....#.......
#..............
#..............
#..[...#.......
#......#.......


You could see Maggie (mesmerising, very poisoned) and Prince Ribbit.

Vanquished Creatures
  A two-headed ogre (D:5)
  Grinder (D:3)
  Sigmund (D:4)
  A water moccasin (D:7)
  A black bear (D:5)
  An ice beast (D:7)
  An ogre (D:6)
  A centaur (D:7)
  A phantom (D:6)
  Blork the orc (D:4)
  A bullfrog (D:6)
  2 necrophages
  3 scorpions
  8 wights (D:6)
  A howler monkey (D:6)
  3 hounds
  2 jellies (D:5)
  2 orc priests
  A gnoll bouda (D:6)
  3 iguanas
  2 orc wizards (D:6)
  3 adders
  7 gnolls
  2 white imps (D:5)
  An ufetubus (D:6)
  2 worms
  3 dart slugs
  14 orcs
  3 endoplasms (D:3)
  4 hobgoblins
  6 jackals (D:1)
  A kobold (D:2)
  4 quokkas
  5 ball pythons
  6 bats
  3 frilled lizards (D:1)
  9 goblins
  7 rats
118 creatures vanquished.

Vanquished Creatures (others)
  A fungus (D:1)
  2 plants (D:1)
3 creatures vanquished.

Grand Total: 121 creatures vanquished

Notes
Turn   | Place    | Note
-------+----------+-------------------------------------------
     0 | D:1      | gugbubby the Troll Berserker began the quest for the Orb.
     0 | D:1      | Reached XP level 1. HP: 22/22 MP: 0/0
   214 | D:1      | Reached XP level 2. HP: 29/29 MP: 1/1
   402 | D:1      | Found a faded altar of an unknown god.
   415 | D:1      | Reached XP level 3. HP: 36/36 MP: 2/2
   457 | D:1      | Reached ** piety under Trog
  1228 | D:3      | Found a stormy altar of Qazlal.
  1395 | D:3      | Reached XP level 4. HP: 36/44 MP: 3/3
  1415 | D:3      | Noticed Grinder
  1425 | D:3      | Killed Grinder
  1426 | D:3      | Reached skill level 5 in Unarmed Combat
  1426 | D:3      | Reached XP level 5. HP: 48/53 MP: 4/4
  1426 | D:3      | Reached XP level 6. HP: 55/61 MP: 5/5
  3033 | D:4      | Noticed Sigmund
  3056 | D:4      | Killed Sigmund
  3057 | D:4      | Reached skill level 6 in Unarmed Combat
  3057 | D:4      | Reached XP level 7. HP: 30/67 MP: 6/6
  3158 | D:4      | Noticed Blork the orc
  3171 | D:4      | Killed Blork the orc
  3305 | D:4      | Found a glowing silver altar of Zin.
  3305 | D:4      | Found a white marble altar of Elyvilon.
  3305 | D:4      | Found a bloodstained altar of Trog.
  3305 | D:4      | Found a basalt altar of Yredelemnul.
  3634 | D:5      | Entered Level 5 of the Dungeon
  3802 | D:5      | Noticed a two-headed ogre
  3815 | D:5      | Killed a two-headed ogre
  3816 | D:5      | Reached skill level 5 in Dodging
  3816 | D:5      | Reached skill level 1 in Stealth
  3816 | D:5      | Reached skill level 7 in Unarmed Combat
  3816 | D:5      | Reached XP level 8. HP: 22/78 MP: 7/7
  3898 | D:5      | Reached skill level 8 in Unarmed Combat
  3953 | D:5      | Found an ornate altar of the Wu Jian Council.
  3998 | D:5      | Reached *** piety under Trog
  4111 | D:5      | Found an ancient bone altar of Kikubaaqudgha.
  4512 | D:6      | Reached XP level 9. HP: 54/84 MP: 8/8
  4830 | D:6      | Reached skill level 9 in Unarmed Combat
  5276 | D:6      | Reached skill level 1 in Short Blades
  5686 | D:7      | Noticed Prince Ribbit
  5687 | D:7      | Noticed Maggie
  5722 | D:7      | HP: 4/85 [Maggie/+0 morningstar of pain (1)]
  5722 | D:7      | Slain by Maggie

Illustrated notes

Levels and vault maps discovered:
D:1:      sevenhm_arrival_forest_fort_large_2, layout_rooms,
          dreamdust_ecumenical_altar_hidden_monk_grotto
D:2:      layout_rooms
D:3:      layout_basic, grunt_qazlal_clouds, uniq_grinder
D:4:      layout_loops_cross, chequers_temple_overflow_statue_of_worship,
          uniq_sigmund, uniq_blork_the_orc
D:5:      layout_cave_pools, mainiacjoe_overflow_boulevard, kennysheep_mini_moat
D:6:      layout_loops_corners
D:7:      layout_cave_pools, minmay_temple_entry_hall, kennysheep_pointless_box,
          lemuel_flamethrower_2, uniq_joseph, uniq_pikel, uniq_prince_ribbit1,
          uniq_maggie

Skill      XL: |  1  2  3  4  5  6  7  8  9 |
---------------+----------------------------+-----
Dodging        | 3 4 5 6 7 |  7.0
Fighting       | 3 4 |  4.4
Unarmed Combat | 5 6 7 8 9 |  9.0
Stealth        | 1 2 |  2.0
Short Blades   | 2 |  2.1
Shields        | |  0.1

Action                   |  1- 3 |  4- 6 |  7- 9 || total
-------------------------+-------+-------+-------++-------
Melee: Unarmed           |   120 |    58 |    66 ||   244
       Punch             |     1 |     2 |    16 ||    19
       Dagger            |       |       |   216 ||   216
Invok: Berserk           |       |       |     8 ||     8
       Trog's Hand       |       |       |     1 ||     1
Armor: Animal skin       |    60 |    10 |       ||    70
       Robe              |       |       |    53 ||    53
Dodge: Dodged            |   160 |    26 |   247 ||   433
Block: Other             |       |       |     9 ||     9
